 Dungeon Crawl Stone Soup version 0.29-a0-214-g17f627cfee (webtiles) character file.

Game seed: 13870439159113635779

494 daftaero the Chopper (level 6, -11/85 HPs)
             Began as a Minotaur Berserker on Feb 24, 2022.
             Was a Priest of Trog.
             Mangled by Duvessa
             ... wielding a +0 short sword of flaming
              (15 damage)
             ... on level 4 of the Dungeon.
             The game lasted 00:08:32 (4059 turns).

daftaero the Chopper (Minotaur Berserker)           Turns: 4059, Time: 00:08:33

Health: -11/85     AC:  9    Str: 22    XL:     6   Next: 92%
Magic:  5/5        EV:  8    Int:  4    God:    Trog [***...]
Gold:   149        SH:  0    Dex: 11    Spells: 5/5 levels left

rFire   . . .      SeeInvis .   a - +0 hand axe
rCold   . . .      Faith    .   (no shield)
rNeg    . . .      Spirit   .   m - +0 chain mail
rPois   .          Reflect  .   (helmet restricted)
rElec   .          Harm     .   (no cloak)
rCorr   +          Rampage  .   (no gloves)
Will    .....                   (no boots)
Stlth   ..........              (no amulet)
HPRegen 0.24/turn               k - ring of resist corrosion
MPRegen 0.09/turn               (no ring)

@: berserking, very quick
A: horns 2, retaliatory headbutt
a: Renounce Religion, Berserk, Trog's Hand


You were on level 4 of the Dungeon.
You worshipped Trog.
Trog was most pleased with you.
You visited 1 branch of the dungeon, and saw 4 of its levels.

You collected 149 gold pieces.

Inventory:

Hand Weapons
 a - a +0 hand axe (weapon)
Missiles
 p - 6 poisoned darts (quivered)
Armour
 b - a +0 animal skin
 m - a +0 chain mail (worn)
 o - a +0 cloak
Jewellery
 f - an amulet of magic regeneration
 k - a ring of resist corrosion (left hand)
Wands
 n - a wand of polymorph (6)
Scrolls
 c - a scroll of identify
 i - a scroll of enchant armour {unknown}
 q - a scroll of teleportation {unknown}
 s - a scroll of fog {unknown}
Potions
 d - a potion of attraction
 e - a potion of heal wounds
 g - a potion of lignification
 h - a potion of cancellation
 j - 2 potions of curing
 l - 2 potions of haste
 r - a potion of might {unknown}


   Skills:
 + Level 6.2 Fighting
 + Level 7.5 Axes
 + Level 3.3 Armour
 - Level 2.1 Dodging
 + Level 0.6 Stealth


You had 5 spell levels left.
You didn't know any spells.
Your spell library was empty.

Dungeon Overview and Level Annotations

Branches:
Dungeon (4/15)
 Temple: D:4-7

Altars:
Elyvilon
Kikubaaqudgha

Annotations:
D:4 Duvessa


Innate Abilities, Weirdness & Mutations

You have a pair of horns on your head.
You reflexively headbutt those who attack you in melee.


Message History

Dowan is heavily wounded.
Dowan barely misses you.
You hit Dowan. Your headbutt misses Dowan.
Dowan is heavily wounded.
Dowan hits you with a +0 dagger.
You slash Dowan!
Dowan is almost dead.
Dowan casts a spell at you. The puff of flame hits you.
You closely miss Dowan. You headbutt Dowan.
Dowan is almost dead.
Dowan hits you with a +0 dagger.
You slash Dowan!
You kill Dowan!
Trog accepts your kill.
Trog appreciates your killing of a magic user.
Duvessa screams, "No!
How DARE you!"
Duvessa goes berserk!
Duvessa hits you with a +0 short sword of flaming!
Duvessa burns you.
A red film seems to cover your vision as you go berserk!
You feel yourself moving faster!
You feel mighty!
Duvessa hits you with a +0 short sword of flaming!
Duvessa burns you.
* * * LOW HITPOINT WARNING * * *
You barely miss Duvessa.
Duvessa hits you with a +0 short sword of flaming.
* * * LOW HITPOINT WARNING * * *
Duvessa burns you.
* * * LOW HITPOINT WARNING * * *
You slash Duvessa! Your headbutt misses Duvessa.
Duvessa is moderately wounded.
Duvessa hits you with a +0 short sword of flaming!
* * * LOW HITPOINT WARNING * * *
Duvessa burns you.
* * * LOW HITPOINT WARNING * * *
You hit Duvessa. You headbutt Duvessa.
Duvessa is moderately wounded.
Duvessa hits you with a +0 short sword of flaming!
You die...

#..##.# #. #....##
#. #<.##.# #.
#..###. #e #..###.
#. ##...).. #.
##...####
#.##########..#..##
#.e@........)###..#
############..#...#
..........#.#
###########.# #.#
#.# #.. ###


You could see Duvessa (berserk).

Vanquished Creatures
  An ogre (D:4)
  Dowan (D:4)
  An orc priest (D:4)
  Crazy Yiuf (D:3)
  Jessica (D:2)
  An orc wizard (D:4)
  Natasha (thrice) (D:3)
  Robin (D:2)
  4 gnolls
  3 adders
  A worm (D:2)
  A dart slug (D:1)
  6 orcs
  7 bats
  7 endoplasms
  2 giant cockroaches
  13 goblins
  7 hobgoblins
  7 jackals
  4 quokkas
  8 ball pythons
  3 frilled lizards
  7 kobolds
  6 rats
96 creatures vanquished.

Notes
Turn   | Place    | Note
-------+----------+-------------------------------------------
     0 | D:1      | daftaero the Minotaur Berserker began the quest for the
                  | Orb.
     0 | D:1      | Reached XP level 1. HP: 19/19 MP: 0/0
   317 | D:1      | Reached skill level 4 in Axes
   341 | D:1      | Reached XP level 2. HP: 26/27 MP: 1/1
   864 | D:1      | Reached XP level 3. HP: 34/34 MP: 2/2
  1005 | D:1      | Found a faded altar of an unknown god.
  1056 | D:1      | Reached skill level 5 in Axes
  1308 | D:2      | Reached XP level 4. HP: 41/41 MP: 3/3
  1433 | D:2      | Reached ** piety under Trog
  1704 | D:2      | Noticed Robin
  1704 | D:2      | Noticed Jessica
  1739 | D:2      | Killed Robin
  1740 | D:2      | Reached skill level 5 in Fighting
  1741 | D:2      | Killed Jessica
  1859 | D:2      | Reached XP level 5. HP: 44/48 MP: 4/4
  2633 | D:3      | Noticed Natasha
  2640 | D:3      | Killed Natasha
  2641 | D:3      | Reached skill level 6 in Axes
  2732 | D:3      | Found a white marble altar of Elyvilon.
  2774 | D:3      | Found a runed translucent door.
  2775 | D:3      | Noticed Crazy Yiuf
  2782 | D:3      | Killed Crazy Yiuf
  2866 | D:3      | Noticed Natasha
  2871 | D:3      | Killed Natasha
  2874 | D:3      | Found an ancient bone altar of Kikubaaqudgha.
  3120 | D:3      | Noticed Natasha
  3178 | D:3      | Killed Natasha
  3179 | D:3      | Reached XP level 6. HP: 51/57 MP: 5/5
  3285 | D:3      | Reached *** piety under Trog
  3490 | D:4      | Identified the +0 chain mail "Wabiur" {Harm Fly rC-}
  3617 | D:4      | Reached skill level 7 in Axes
  4041 | D:4      | Noticed Dowan
  4045 | D:4      | Noticed Duvessa
  4055 | D:4      | Killed Dowan
  4058 | D:4      | HP: 4/85 [Duvessa/+0 short sword of flaming (1)]
  4059 | D:4      | Mangled by Duvessa

Illustrated notes

Levels and vault maps discovered:
D:1:      dpeg_arrival_ternary, layout_loops_ring,
          shapermc_ecumenical_altar_mp_vishouse
D:2:      layout_basic, uniq_jessica, uniq_robin
D:3:      layout_loops_ring, mainiacjoe_overflow_catch_the_wave, serial_glass,
          glass_columns_a, glass_columns_a, grunt_ministairs_9, uniq_natasha,
          uniq_crazy_yiuf_cottage
D:4:      layout_loops_ring, uniq_sigmund, uniq_eustachio, uniq_duvessa

Skill      XL: |  1  2  3  4  5  6 |
---------------+-------------------+-----
Axes           | 4 5 6 7 |  7.5
Fighting       | 4 5 6 |  6.2
Armour         | 3 |  3.3
Dodging        | |  2.1
Stealth        | |  0.6

Action                   |  1- 3 |  4- 6 || total
-------------------------+-------+-------++-------
Melee: Hand axe          |    52 |   163 ||   215
       Headbutt          |    12 |    24 ||    36
       Punch             |       |     2 ||     2
Invok: Berserk           |       |     2 ||     2
  Use: Potion            |       |     1 ||     1
       Scroll            |       |     6 ||     6
Armor: Animal skin       |    14 |     1 ||    15
       Chain mail        |       |    94 ||    94
Dodge: Dodged            |    38 |    65 ||   103

Table legend: (Time is in decaauts)
 A = Elapsed time spent in this place.
 B = Non-inter-level travel time spent in this place.
 C = Inter-level travel time spent in this place.
 D = Time resting spent in this place.
 E = Time spent auto-exploring this place.
 F = Levels seen in this place.
 G = Mean time per level.
                   A        B        C        D        E       F      G
               +--------+--------+--------+--------+--------+-----+--------+
         Total |   4078 |   3993 |     85 |      6 |   3247 |   4 | 1019.5 |
       Dungeon |   4078 |   3993 |     85 |      6 |   3247 |   4 | 1019.5 |
               +--------+--------+--------+--------+--------+-----+--------+

Top non-repeatable levels by time:
     D:2: 1482 daAuts
     D:1: 1058 daAuts
     D:3: 917 daAuts
     D:4: 620 daAuts
